 Dungeon Crawl Stone Soup version 0.25.0-17-g773c8c6189 (webtiles) character file.

Game seed: 11452604522114338917

191 Delamore the Cleaver (level 5, -2/45 HPs)
             Began as a Hill Orc Monk on June 30, 2020.
             Slain by Crazy Yiuf
             ... wielding a +4 quarterstaff of chaos
              (13 damage)
             ... on level 3 of the Dungeon.
             The game lasted 00:03:18 (2970 turns).

Delamore the Cleaver (Hill Orc Monk)                Turns: 2970, Time: 00:03:18

Health: -2/45      AC:  4    Str: 15    XL:     5   Next: 70%
Magic:  14/14      EV: 13    Int: 10    God:
Gold:   124        SH:  0    Dex: 13    Spells: 4/4 levels left

rFire    . . .     SeeInvis .   a - +0 hand axe
rCold    . . .     Gourm    .   (no shield)
rNeg     . . .     Faith    .   b - +0 robe
rPois    .         Spirit   .   h - +1 hat
rElec    .         Reflect  .   (no cloak)
rCorr    .         Harm     .   m - +0 pair of gloves
MR       .....                  (no boots)
Stlth    ++........             (no amulet)
HPRegen  0.15/turn              f - ring of magical power
MPRegen  0.14/turn              (no ring)

@: very slightly contaminated, invisible
A: no striking features
a: no special abilities


You were on level 3 of the Dungeon.
You were not hungry.

You visited 1 branch of the dungeon, and saw 3 of its levels.

You collected 124 gold pieces.

Inventory:

Hand Weapons
 a - a +0 hand axe (weapon)
Missiles
 k - 3 curare-tipped darts (quivered)
 v - 5 atropa-tipped darts
Armour
 b - a +0 robe (worn)
 h - a +1 hat (worn)
 m - a +0 pair of gloves (worn)
 t - a +0 crystal plate armour
Jewellery
 f - a ring of magical power (left hand)
Scrolls
 d - 2 scrolls of blinking {unknown}
 e - 2 scrolls of teleportation {unknown}
 g - 6 scrolls of identify {unknown}
 j - 4 scrolls of remove curse {unknown}
 p - a scroll of enchant armour {unknown}
 q - a scroll of random uselessness {unknown}
 r - a scroll of fog {unknown}
 s - a scroll of noise {unknown}
Potions
 o - a potion of ambrosia {unknown}
 u - a potion of brilliance {unknown}
Comestibles
 c - 8 rations


   Skills:
 - Level 3.6 Fighting
 + Level 8.2 Axes
 - Level 2.4 Dodging
 - Level 1.5 Stealth


You had 4 spell levels left.
You didn't know any spells.
Your spell library contained the following spells:

 Spells                   Type           Power        Failure   Level  Hunger
 Magic Dart               Conj           #...         36%         1    ##.....


Dungeon Overview and Level Annotations

Branches:
Dungeon (3/15)

Altars:
Elyvilon
Kikubaaqudgha
Sif Muna
Vehumet

Annotations:
D:3 Crazy Yiuf


Message History

You closely miss Crazy Yiuf.
Crazy Yiuf hits you with a +4 quarterstaff of chaos!
You are electrocuted!
You hit Crazy Yiuf.
Crazy Yiuf is moderately wounded.
Crazy Yiuf hits you with a +4 quarterstaff of chaos!
* * * LOW HITPOINT WARNING * * *
You are lethally poisoned!
You hit Crazy Yiuf.
Crazy Yiuf is heavily wounded.
* * * LOW HITPOINT WARNING * * *
You feel sick. Crazy Yiuf misses you.
It was a potion of invisibility.
You fade into invisibility!
* * * LOW HITPOINT WARNING * * *
You feel sick.
You are very lightly contaminated with residual magic.
It was a potion of curing.
You feel better.
Crazy Yiuf hits you with a +4 quarterstaff of chaos!
You die...

#####
########
#)..#
#......#
#...#
#......#
#.g.#
#......# #@#
#......#
#.##
#...)..#
##.#
#......#
#.##
#......#
##.#
#......#
##.##
#......#
##.P.#
######'#
#.#PP#
####..#
#....#
############


You could see Crazy Yiuf.

Vanquished Creatures
  A bullfrog (D:2)
  7 adders
  2 oozes
  A worm (D:3)
  5 orcs
  4 bats
  3 giant cockroaches
  12 goblins
  3 hobgoblins
  6 kobolds
  2 quokkas (D:2)
  A ball python (D:1)
  3 frilled lizards
  3 rats
  2 fungi (D:3)
55 creatures vanquished.

Notes
Turn   | Place    | Note
-------+----------+-------------------------------------------
     0 | D:1      | Delamore the Hill Orc Monk began the quest for the Orb.
     0 | D:1      | Reached XP level 1. HP: 19/19 MP: 1/1
    77 | D:1      | Reached XP level 2. HP: 26/26 MP: 2/2
   335 | D:1      | Reached skill level 5 in Axes
   724 | D:1      | Reached XP level 3. HP: 30/31 MP: 3/3
  1133 | D:2      | Reached skill level 6 in Axes
  1329 | D:2      | Noticed a bullfrog
  1344 | D:2      | Killed a bullfrog
  1344 | D:2      | Reached skill level 7 in Axes
  1344 | D:2      | Reached XP level 4. HP: 22/39 MP: 4/4
  1681 | D:2      | Found a shimmering blue altar of Sif Muna.
  1681 | D:2      | Found an ancient bone altar of Kikubaaqudgha.
  1683 | D:2      | Found a radiant altar of Vehumet.
  1689 | D:2      | Identified Vehumet's Reference Book on Conjuration
  1779 | D:3      | Reached XP level 5. HP: 30/45 MP: 5/5
  2460 | D:3      | Found a white marble altar of Elyvilon.
  2683 | D:3      | Reached skill level 8 in Axes
  2960 | D:3      | Found a runed translucent door.
  2961 | D:3      | Noticed Crazy Yiuf
  2970 | D:3      | Slain by Crazy Yiuf

Illustrated notes

Levels and vault maps discovered:
D:1:      scummos_arrival_simple_crosswalls, layout_basic
D:2:      layout_loops_ring, grunt_temple_overflow_magic_moments, first_ration
D:3:      layout_basic, lemuel_crystal_altar, uniq_crazy_yiuf_cottage

Skill      XL: |  1  2  3  4  5 |
---------------+----------------+-----
Axes           | 5 7 8 |  8.2
Fighting       | |  3.6
Dodging        | |  2.4
Stealth        | |  1.5

Action                   |  1- 3 |  4- 6 || total
-------------------------+-------+-------++-------
Melee: Hand axe          |    95 |   132 ||   227
Throw: Dart              |     1 |       ||     1
  Use: Potion            |       |     2 ||     2
 Stab: Sleeping          |     2 |     5 ||     7
       Distracted        |       |     1 ||     1
  Eat: Chunk             |     1 |     6 ||     7
Armor: Robe              |    13 |    15 ||    28
Dodge: Dodged            |    71 |    63 ||   134
